 Dungeon Crawl Stone Soup version 0.21-a0-401-g0b6bec4 (webtiles) character file.

11257 KristoblXynda the Destroyer (level 11, -4/86 HPs)
             Began as a Red Draconian Venom Mage on Oct 25, 2017.
             Was a Believer of Ashenzari.
             Slain by a frost giant
             ... wielding a +4 battleaxe of freezing
              (38 damage)
             ... in an ice cave.
             The game lasted 00:29:27 (14910 turns).

KristoblXynda the Destroyer (DrVM)                 Turns: 14910, Time: 00:29:28

Health: -4/86      AC: 10    Str: 12    XL:     11   Next: 46%
Magic:  25/34      EV: 14    Int: 18    God:    Ashenzari [**....]
Gold:   586        SH:  5    Dex:  5    Spells: 26/30 levels left

rFire    + + .     SeeInvis .   t - +8 hand axe of the Queen {flame, +Rage MP+9 Dex-4} (curse)
rCold    + + .     Gourm    .   w - +1 buckler (curse)
rNeg     . . .     Faith    .   (armour unavailable)
rPois    +         Spirit   .   C - +1 hat (curse)
rElec    +         Reflect  .   m - +0 cloak (curse)
rCorr    +         Harm     .   n - +0 pair of gloves
MR       .....                  (no boots)
Stlth    +.........             (no amulet)
HPRegen  0.24/turn              u - +3 ring of evasion (curse)
MPRegen  0.24/turn              (no ring)

@: short of breath, resistant
A: breathe fire, unfitting armour, hooves 1, horns 1, clumsy 1, cold resistance
1, fire resistance 1, sense surroundings 1, screaming 1, cold-blooded, AC +7
a: Breathe Fire, Curse Item, Scrying, Renounce Religion, Evoke Berserk Rage


You were in an ice cave.
You worshipped Ashenzari.
Ashenzari was pleased with you.
You were not hungry.

You visited 3 branches of the dungeon, and saw 11 of its levels.
You also visited: Ice Cave.

You collected 586 gold pieces.

Inventory:

Hand Weapons
 t - the cursed +8 hand axe of the Queen (weapon) {flame, +Rage MP+9 Dex-4}
   (You took it off an orc on level 4 of the Dungeon)

   It has been specially enchanted to burn those struck by it, causing extra
   injury to most foes and up to half again as much damage against particularly
   susceptible opponents.
   Big, fiery blades are also staple armaments of hydra-hunters.
   It affects your dexterity (-4).
   It affects your magic capacity (+9).
   It lets you go berserk.
   It has a curse placed upon it.
 A - a +3 scimitar of flaming
Missiles
 B - a throwing net (quivered)
Armour
 m - a cursed +0 cloak (worn)
 n - a +0 pair of gloves (worn)
 w - a cursed +1 buckler (worn)
 C - a cursed +1 hat (worn)
Jewellery
 u - a cursed +3 ring of evasion (left hand)
Wands
 o - a wand of acid (3/15)
Scrolls
 f - a scroll of blinking
 h - a scroll of identify
 i - 4 scrolls of teleportation
 p - a scroll of fear
 q - a scroll of magic mapping
 v - 2 scrolls of amnesia
 y - a scroll of recharging
Potions
 c - a potion of cancellation
 g - 2 potions of agility
 j - a potion of berserk rage
 k - a potion of lignification
 l - a potion of curing
 s - a potion of invisibility
 x - 2 potions of brilliance
Books
 a - a Young Poisoner's Handbook

   Spells                             Type                      Level
   a - Sting                          Conjuration/Poison           1
   b - Poisonous Vapours              Poison/Air                   2
   c - Mephitic Cloud                 Conjuration/Poison/Air       3
   d - Olgreb's Toxic Radiance        Poison                       4
   e - Venom Bolt                     Conjuration/Poison           5
Comestibles
 b - 7 bread rations
 d - 4 meat rations


   Skills:
 - Level 5.0 Fighting
 - Level 5.0(7.2) Axes
 - Level 1.7 Dodging
 - Level 1.7 Stealth
 - Level 4.0(5.4) Shields
 + Level 10.0 Spellcasting
 + Level 10.6 Conjurations
 - Level 4.0 Poison Magic
 + Level 5.9 Evocations


You had 26 spell levels left.
You knew the following spells:

 Your Spells              Type           Power        Failure   Level  Hunger
a - Sting                 Conj/Pois      ####         1%          1    None
b - Mephitic Cloud        Conj/Pois/Air  ####....     3%          3    None


Dungeon Overview and Level Annotations

Branches:
Dungeon (9/15)             Temple (1/1) D:5            Lair (1/6) D:9
    Orc: D:9-12

Altars:
Ashenzari
Cheibriados
Dithmenos
Elyvilon
Fedhas
Gozag
Hepliaklqana
Kikubaaqudgha
Makhleb
Nemelex Xobeh
Okawaru
Qazlal
Ru
Sif Muna
Trog
Uskayaw
Vehumet
Wu Jian
Xom
The Shining One


Innate Abilities, Weirdness & Mutations

You can breathe blasts of fire.
Your fiery red scales are hard. (AC +7)
You cannot fit into any form of body armour.
Your flesh is heat resistant. (rF+)
You are cold-blooded and may be slowed by cold attacks.
You have large cloven feet.
You have a pair of small horns on your head.
You are clumsy. (Dex -2)
Your flesh is cold resistant. (rC+)
You passively map a small area around you.
You occasionally shout uncontrollably at your foes.


Message History

Aiming: Corrosive Bolt
Press: ? - help, Shift-Dir - straight line, f/p - frost giant
Aim: a frost giant, wielding a battleaxe of freezing (flame, lightly wounded)
The bolt of acid hits the frost giant.
The frost giant is splashed with acid.
The acid corrodes the frost giant!
The frost giant is heavily wounded.
This wand has 4 charges left.
The frost giant is engulfed in blazing flames.
The frost giant misses you.
Evoke which item? (* to show all) (? for menu, Esc to quit)
Aiming: Corrosive Bolt
Press: ? - help, Shift-Dir - straight line, f/p - frost giant
Aim: a frost giant, wielding a battleaxe of freezing (flame, heavily wounded, covered in acid)
The bolt of acid hits the frost giant.
The frost giant is splashed with acid.
The acid corrodes the frost giant!
The frost giant is severely wounded.
This wand has 3 charges left.
The frost giant is engulfed in blazing flames.
The frost giant hits you with a battleaxe of freezing!!!
You die...

#..#*
*
#.##*,
≈ #..#
* ,* ≈
##Y##
* *
#h†# *
** #
#{{##
#
##††#
###
##C# *
#..
#@.#*
##..
##..#*
#...
#..##
≈≈
###.
#..#
#.
##.##*
* #.
#..#
#.
#..# ≈
##
#.##*≈
≈ *
### #
#..#*
≈ ≈
*##÷#
#


You could see a frost giant.

Vanquished Creatures
  A hydra (Lair:1)
  Erica (D:8)
  2 two-headed ogres
  2 ice statues (IceCv)
  A troll (D:9)
  A hornet (D:9)
  12 polar bears (IceCv)
  Grinder (D:6)
  A wyvern (D:9)
  Eustachio (D:4)
  The ghost of DEFE the Scratcher, an amateur FeFi (D:7)
  9 yaks (IceCv)
  A porcupine (D:9)
  5 sky beasts
  2 ice beasts
  A hornet zombie (D:9)
  3 orc warriors
  A black bear (D:9)
  4 ogres
  A phantom (D:6)
  5 centaurs
  9 wolves (IceCv)
  2 bullfrogs
  3 scorpions
  5 killer bees (D:8)
  A howler monkey (D:4)
  A bullfrog zombie (D:9)
  3 crimson imps
  A bullfrog skeleton (D:6)
  A quasit (D:7)
  3 orc priests
  3 hounds
  2 iguanas
  Ijyb (D:5)
  9 orc wizards
  3 worker ants
  A hound zombie (D:8)
  A hound skeleton (D:5)
  A worker ant zombie (D:5)
  A howler monkey skeleton (D:4)
  9 adders
  4 oozes
  5 worms
  4 dart slugs
  2 leopard geckos
  24 orcs
  2 ball pythons
  4 giant cockroaches
  5 hobgoblins
  6 jackals
  5 quokkas
  A ball python skeleton (D:4)
  6 bats
  4 frilled lizards
  11 goblins
  A jackal zombie (D:7)
  4 kobolds
  3 leopard gecko zombies
  9 rats
216 creatures vanquished.

Notes
Turn   | Place    | Note
-------+----------+-------------------------------------------
     0 | D:1      | KristoblXynda the Draconian Venom Mage began the quest for the Orb.
     0 | D:1      | Reached XP level 1. HP: 14/14 MP: 3/3
   269 | D:1      | Reached XP level 2. HP: 8/20 MP: 1/5
   678 | D:1      | Reached XP level 3. HP: 24/26 MP: 3/6
  1503 | D:2      | Learned a level 3 spell: Mephitic Cloud
  2132 | D:2      | Reached XP level 4. HP: 11/33 MP: 3/8
  3506 | D:3      | Reached XP level 5. HP: 38/38 MP: 4/9
  3646 | D:3      | Found a shattered altar of Ashenzari.
  3654 | D:3      | Became a worshipper of Ashenzari the Shackled
  3773 | D:4      | Noticed an ogre
  3783 | D:4      | Killed an ogre
  3783 | D:4      | Reached skill level 1 in Shields
  4056 | D:4      | Noticed Eustachio
  4131 | D:4      | Killed Eustachio
  4131 | D:4      | Reached XP level 6. HP: 44/45 MP: 8/12
  4663 | D:4      | Your scales start taking on a fiery red colour.
  4663 | D:4      | Reached XP level 7. HP: 43/50 MP: 13/13
  4663 | D:4      | Gained mutation: Your flesh is heat resistant. (rF+) [Red Draconian growth]
  4826 | D:4      | Found a sacrificial altar of Ru.
  4847 | D:4      | Got the hand axe of the Queen {flame, +Rage MP+9 Dex-4}
  4848 | D:4      | Identified the +8 hand axe of the Queen {flame, +Rage MP+9 Dex-4} (You took it off an orc on level 4 of the Dungeon)
  5059 | D:5      | Entered Level 5 of the Dungeon
  5116 | D:5      | Noticed Ijyb
  5131 | D:5      | Killed Ijyb
  5605 | D:5      | Found the +18 shield of the Gong {rElec rN+ MR+ EV-5}
  6079 | D:5      | Reached skill level 5 in Spellcasting
  6079 | D:5      | Reached skill level 5 in Conjurations
  6228 | D:5      | Reached * piety under Ashenzari
  6307 | D:5      | Reached skill level 1 in Axes
  6313 | D:5      | Reached XP level 8. HP: 28/57 MP: 15/15
  6723 | D:5      | Found a staircase to the Ecumenical Temple.
  6978 | Temple   | Entered the Ecumenical Temple
  7212 | D:6      | Found a shimmering altar of Xom.
  7284 | D:6      | Gained mutation: You have a pair of small horns on your head. [mutagenic meat]
  7285 | D:6      | Gained mutation: You have a pair of horns on your head. [mutagenic meat]
  7286 | D:6      | Gained mutation: You have large cloven feet. [mutagenic meat]
  7485 | D:6      | Noticed Grinder
  7497 | D:6      | Killed Grinder
  7725 | D:6      | Found a radiant altar of Vehumet.
  7945 | D:6      | Found an ornate altar of the Wu Jian Council.
  7945 | D:6      | Found a sacrificial altar of Ru.
  8240 | D:7      | Noticed DEFE's ghost (amateur FeFi)
  8252 | D:7      | Killed DEFE's ghost
  8252 | D:7      | Reached XP level 9. HP: 21/62 MP: 18/18
  9618 | D:7      | Reached skill level 5 in Axes
  9861 | D:8      | Reached ** piety under Ashenzari
  9890 | D:8      | Reached skill level 1 in Fighting
 10559 | D:8      | Gained mutation: You occasionally shout uncontrollably at your foes. [mutagenic meat]
 10560 | D:8      | Gained mutation: You are clumsy. (Dex -2) [mutagenic meat]
 10561 | D:8      | Gained mutation: You evolve. [mutagenic meat]
 10562 | D:8      | Gained mutation: Your body sometimes deteriorates upon taking damage. [mutagenic meat]
 10563 | D:8      | Gained mutation: Your flesh is cold resistant. (rC+) [mutagenic meat]
 10565 | D:8      | Noticed Erica
 10567 | D:8      | Noticed a two-headed ogre
 10582 | D:8      | Killed Erica
 10586 | D:8      | Killed a two-headed ogre
 10586 | D:8      | Reached XP level 10. HP: 36/78 MP: 21/21
 10982 | D:8      | Gained mutation: You passively map a small area around you. [mutagenic meat]
 10983 | D:8      | Lost mutation: You have a pair of horns on your head. [mutagenic meat]
 11200 | D:9      | Noticed a two-headed ogre
 11207 | D:9      | Killed a two-headed ogre
 11301 | D:9      | Reached skill level 5 in Fighting
 11365 | D:9      | Lost mutation: Your body sometimes deteriorates upon taking damage. [evolution]
 11365 | D:9      | Lost mutation: You evolve. [end of evolution]
 11804 | D:9      | Reached skill level 1 in Evocations
 12316 | D:9      | Found a deep blue altar of Sif Muna.
 12391 | D:9      | Noticed a moth of wrath
 12393 | D:9      | Found a bloodstained altar of Trog.
 12804 | D:9      | Found a staircase to the Lair.
 12827 | Lair:1   | Entered Level 1 of the Lair of Beasts
 12853 | Lair:1   | Noticed a five-headed hydra
 12867 | Lair:1   | Killed a three-headed hydra
 12879 | Lair:1   | Found a frozen archway.
 12883 | IceCv    | Entered an ice cave
 12925 | IceCv    | Reached XP level 11. HP: 24/86 MP: 24/24
 12976 | IceCv    | Reached skill level 10 in Conjurations
 13854 | IceCv    | Reached skill level 5 in Evocations
 14886 | IceCv    | Noticed a frost giant
 14902 | IceCv    | Reached skill level 10 in Spellcasting
 14910 | IceCv    | Slain by a frost giant

Vault maps used:
D:1:      minmay_arrival_jagged, serial_bayou_pond_b, minmay_misc_feat_five,
          minmay_octomino_c4
D:2:      first_bread
D:3:      lemuel_round_altar
D:4:      nicolae_ru_sacrificial_ziggurat, uniq_eustachio
D:5:      temple_hall, uniq_ijyb
D:6:      fiery_altar_vehumet, nicolae_overflow_hidden_temple,
          gammafunk_temple_overflow_elements, minmay_holes, uniq_grinder
D:7:      grunt_ogre_cave
D:8:      uniq_erica
D:9:      tgw_trog, overflow_temple_1_default, grunt_lair_entry_orc_guard_hut
Temple:   nicolae_temple_god_jail
Lair:1:   special_room, portal_ice_cave_entry_pillars_1, grunt_megastairs_4,
          infiniplex_staircase_pool
IceCv:    ice_cave_small_giant

Skill      XL: |  1  2  3  4  5  6  7  8  9 10 11 |
---------------+----------------------------------+-----
Conjurations   | 2 3 4 5 6 8 9 10 | 10.6
Spellcasting   | 3 4 5 6 7 9 10 | 10.0
Poison Magic   | 4 |  4.0
Shields        | 2 3 4 |  4.0
Axes           | 1 4 5 |  5.0
Fighting       | 4 5 |  5.0
Evocations     | 4 5 |  5.9
Dodging        | |  1.7
Stealth        | |  1.7

Action                   |  1- 3 |  4- 6 |  7- 9 | 10-12 || total
-------------------------+-------+-------+-------+-------++-------
Melee: Unarmed           |   127 |       |       |       ||   127
       Tailslap          |     8 |    13 |     5 |    20 ||    46
       Staff             |     4 |    38 |       |       ||    42
       Long sword        |       |    74 |       |       ||    74
       Falchion          |       |     6 |    10 |       ||    16
       Hand axe          |       |       |   238 |   242 ||   480
       Headbutt          |       |       |     8 |    24 ||    32
       Kick              |       |       |    11 |    46 ||    57
 Cast: Sting             |    58 |    56 |    15 |    16 ||   145
       Mephitic Cloud    |       |     5 |     3 |    24 ||    32
Invok: Curse Item        |       |     1 |     4 |       ||     5
 Abil: Breathe Fire      |       |       |     8 |     6 ||    14
Evoke: Wand              |       |       |       |     7 ||     7
  Use: Scroll            |     1 |     9 |    12 |       ||    22
       Potion            |       |     3 |     2 |     6 ||    11
 Stab: Sleeping          |     1 |       |     2 |       ||     3
       Confused          |       |     5 |       |     5 ||    10
  Eat: Chunk             |     3 |     6 |    17 |     7 ||    33
       Royal jelly       |       |     1 |     4 |     1 ||     6
       Fruit             |       |     2 |     3 |       ||     5
       Meat ration       |       |       |     1 |     1 ||     2
Armor: Skin              |    35 |    34 |    71 |    76 ||   216
Dodge: Dodged            |    71 |    88 |   182 |   132 ||   473
Block: Buckler           |       |       |    53 |    49 ||   102
       Rpst.: Long sword |       |    16 |       |       ||    16
       Falchion          |       |       |     5 |       ||     5

Table legend:
 A = Spawn XP
 B = Non-spawn XP
 C = Spawn XP percentage of total XP
 D = Spawn monster count
 E = Non-spawn monster count
 F = Spawn count percentage of total count
 G = Total turns spent on level
                    A         B        C        D         E        F      G
               +---------+---------+-------+---------+---------+-------+---------
         Total |       0 |   16082 |   0.0 |       0 |     216 |   0.0 | 14910
               +---------+---------+-------+---------+---------+-------+---------
           D:1 |       0 |      59 |   0.0 |       0 |      29 |   0.0 |  1262
           D:2 |       0 |      46 |   0.0 |       0 |      14 |   0.0 |  1365
           D:3 |       0 |     102 |   0.0 |       0 |      24 |   0.0 |  1431
           D:4 |       0 |     609 |   0.0 |       0 |      18 |   0.0 |  1308
           D:5 |       0 |     797 |   0.0 |       0 |      29 |   0.0 |  1745
           D:6 |       0 |     859 |   0.0 |       0 |      14 |   0.0 |   993
           D:7 |       0 |    1139 |   0.0 |       0 |      18 |   0.0 |  1573
           D:8 |       0 |    2137 |   0.0 |       0 |      13 |   0.0 |  1392
           D:9 |       0 |    3001 |   0.0 |       0 |      24 |   0.0 |  1686
        Lair:1 |       0 |     967 |   0.0 |       0 |       1 |   0.0 |    56
         IceCv |       0 |    6366 |   0.0 |       0 |      32 |   0.0 |  2027
               +---------+---------+-------+---------+---------+-------+---------
